 Dungeon Sprint DCSS version 0.29.1 (webtiles) character file.

Game seed: 13024559730519534598

28 rocky1 the Slasher (level 3, 0/36 HPs)
             Began as a Minotaur Gladiator on Sept 13, 2022.
             Slain by a human (2 damage)
             ... in the Dungeon (Sprint III: "The Ten Rune Challenge").
             The game lasted 00:00:40 (218 turns).

rocky1 the Slasher (Minotaur Gladiator)              Turns: 218, Time: 00:00:41

Health: 0/36       AC:  3    Str: 18    XL:     3   Next: 0%
Magic:  2/2        EV: 12    Int:  5    God:
Gold:   0          SH:  0    Dex: 13    Spells: 2/2 levels left

rFire   . . .      SeeInvis .   a - +0 long sword
rCold   . . .      Faith    .   (no shield)
rNeg    . . .      Spirit   .   b - +0 leather armour
rPois   .          Reflect  .   c - +0 hat
rElec   .          Harm     .   (no cloak)
rCorr   .          Rampage  .   (no gloves)
Will    .....      NoTele   +   (no boots)
Stlth   +.........              (no amulet)
HPRegen 0.12/turn               (no ring)
MPRegen 0.08/turn               (no ring)

@: no status effects
A: horns 2, retaliatory headbutt
a: no special abilities


You were in the Dungeon.
You visited 1 branch

Inventory:

Hand Weapons
 a - a +0 long sword (weapon)
Missiles
 d - 3 throwing nets (quivered)
 e - a javelin
Armour
 b - a +0 leather armour (worn)
 c - a +0 hat (worn)
Scrolls
 k - a scroll of blinking
Potions
 f - a potion of curing
 g - a potion of heal wounds
 h - a potion of haste
 i - 2 potions of magic
 j - a potion of berserk rage
 l - a potion of lignification {unknown}


   Skills:
 + Level 5.5 Fighting
 * Level 6.2 Long Blades
 - Level 2.0 Throwing
 - Level 3.2 Dodging


You had 2 spell levels left.
You didn't know any spells.
Your spell library contained the following spells:

 Spells                   Type           Power      Damage    Failure   Level
 Summon Ice Beast         Ice/Summ       0%         N/A       99%         4
 Summon Mana Viper        Hex/Summ       0%         N/A       100%        5
 Monstrous Menagerie      Summ           0%         N/A       100%        7


Dungeon Overview and Level Annotations

Branches:
Dungeon (1/1)

Altars:


Innate Abilities, Weirdness & Mutations

You have a pair of horns on your head.
You reflexively headbutt those who attack you in melee.


Message History

The human shouts!
The human hits you.
You closely miss the human. The human hits you but does no damage.
You hit the human.
The human is lightly wounded.
The human hits you.
You hit the human. Your headbutt misses the human.
The human is moderately wounded.
The human hits you.
You barely miss the human.
The human is moderately wounded.
The human hits you.
You barely miss the human.
The human is moderately wounded.
The human hits you.
You hit the human but do no damage. You headbutt the human.
The human is moderately wounded.
The human hits you but does no damage.
You slash the human! Your headbutt misses the human.
The human is heavily wounded.
The human hits you.
You are too injured to fight recklessly!
You hit the human.
The human is severely wounded.
The human closely misses you.
You completely miss the human.
The human is severely wounded.
The human hits you but does no damage.
You hit the human but do no damage. Your punch misses the human.
The human is severely wounded.
The human hits you. The human hits you!
* * * LOW HITPOINT WARNING * * *
You closely miss the human. Your headbutt misses the human.
The human is severely wounded.
The human hits you.
* * * LOW HITPOINT WARNING * * *
You barely miss the human.
The human is severely wounded.
The human hits you.
You die...

▓.....#
▓.....#...~~♣.. ..#
▓.....#..~~~~.♣♣..+
▓####'#..~≈≈~~~...#
▓.....#.~~≈~~~....#
▓....)#.~≈~~~.....#
▓.....#.~~~.......#
▓'#####.....p.....#
▓..........@......#
▓▓▓▓▓▓▓▓▓▓▓▓▓▓▓▓▓▓▓


You could see a human.

Vanquished Creatures
  Jessica (D)
  2 endoplasms (D)
3 creatures vanquished.

Notes
Turn   | Place    | Note
-------+----------+-------------------------------------------
     0 | D        | rocky1 the Minotaur Gladiator began the quest for the Orb.
     0 | D        | Reached XP level 1. HP: 18/18 MP: 0/0
     6 | D        | Reached skill level 4 in Long Blades
    14 | D        | Noticed Jessica
    19 | D        | Killed Jessica
    20 | D        | Reached skill level 5 in Fighting
    20 | D        | Reached skill level 6 in Long Blades
    20 | D        | Reached XP level 2. HP: 12/29 MP: 1/1
    20 | D        | Reached XP level 3. HP: 15/36 MP: 2/2
   218 | D        | Slain by a human

Illustrated notes

Levels and vault maps discovered:
D:        dungeon_sprint_mu [sprint_mu_entry_forest, sprint_mu_temple_rooms,
          sprint_mu_d1_spiders, sprint_mu_d2_genie, sprint_mu_d3_branching,
          sprint_mu_orc_legion, sprint_mu_elf_gauntlet, sprint_mu_hive_nellie,
          sprint_mu_lair_fedhas, sprint_mu_vaults_butterflies,
          sprint_mu_slime_circle, sprint_mu_swamp_cave, sprint_mu_shoals_archi,
          sprint_mu_blade_basic, sprint_mu_crypt_chambers,
          sprint_mu_tomb_spiral, sprint_mu_vestibule_basic,
          sprint_mu_gehenna_hellfire, sprint_mu_dis_giant,
          sprint_mu_tartarus_statrot, sprint_mu_cocytus_islands, sprint_mu_zot1]

Skill      XL: |  1 |
---------------+----+-----
Fighting       | 5 |  5.5
Long Blades    | 6 |  6.2
Throwing       | |  2.0
Dodging        | |  3.2

Action                   || total
-------------------------++-------
Melee: Long sword        ||    18
       Headbutt          ||     2
 Stab: Sleeping          ||     1
Armor: Leather armour    ||     3
Dodge: Dodged            ||     4
